 Dungeon Crawl Stone Soup version 0.27-a0-901-g8736458e1e (webtiles) character file.

Game seed: 10597420729641863247

2 HELP the Stinger (level 1, -1/11 HPs)
             Began as an Octopode Venom Mage on Apr 6, 2021.
             Slain by a hobgoblin (3 damage)
             ... on level 1 of the Dungeon.
             The game lasted 00:00:29 (114 turns).

HELP the Stinger (Octopode Venom Mage)               Turns: 114, Time: 00:00:30

Health: -1/11      AC:  1    Str:  7    XL:     1   Next: 30%
Magic:  2/3        EV: 13    Int: 17    God:
Gold:   16         SH:  0    Dex: 12    Spells: 3/4 levels left

rFire    . . .     SeeInvis .   (no weapon)
rCold    . . .     Faith    .   (no shield)
rNeg     . . .     Spirit   .   (helmet restricted)
rPois    .         Reflect  .   (no amulet)
rElec    .         Harm     .   (no ring)
rCorr    .         Rampage  .   (no ring)
Will     .....                  (no ring)
Stlth    +++.......             (no ring)
HPRegen  0.03/turn              (no ring)
MPRegen  0.08/turn              (no ring)
                                (no ring)
                                (no ring)

@: no status effects
A: almost no armour, amphibious, 8 rings, camouflage 1, gelatinous body 1,
(nimble swimmer 1), tentacles
a: no special abilities


You were on level 1 of the Dungeon.
You visited 1 branch of the dungeon, and saw 1 of its levels.

You collected 16 gold pieces.

You aren't carrying anything.


   Skills:
 - Level 2.0 Dodging
 - Level 2.6 Stealth
 + Level 2.0 Spellcasting
 - Level 1.0 Transmutations
 * Level 3.7 Poison Magic


You had 3 spell levels left.
You knew the following spells:

 Your Spells              Type           Power      Damage    Failure   Level
a - Sting                 Tmut/Pois      36%        1d4       8%          1

Your spell library contained the following spells:

 Spells                   Type           Power      Damage    Failure   Level
 Poisonous Vapours        Pois/Air       16%        N/A       14%         2
 Ignite Poison            Fire/Tmut/Pois 7%         N/A       30%         3
 Mephitic Cloud           Conj/Pois/Air  6%         N/A       34%         3
 Olgreb's Toxic Radiance  Pois           14%        N/A       38%         4


Dungeon Overview and Level Annotations

Branches:
Dungeon (1/15)

Altars:


Innate Abilities, Weirdness & Mutations

You cannot wear most types of armour.
You are amphibious.
You can wear up to eight rings at the same time.
Your skin changes colour to match your surroundings (Stealth+).
Your rubbery body absorbs attacks. (AC +1, EV +1)
((You are camouflaged near water. (Stealth+)))
You have tentacles for arms and can constrict up to eight enemies at once.


Message History

Found 21 bolts.
You tentacle-slap the ball python. You grab the ball python.
The ball python is severely wounded.
You constrict the ball python, but do no damage.
The ball python closely misses you. The ball python constricts you.
You tentacle-slap the ball python.
You kill the ball python!
Magic restored.
HP restored.
Things that are here:
a ball python corpse; a bat corpse A hobgoblin comes into view.
The hobgoblin shouts!
You tentacle-slap the hobgoblin but do no damage.
Your grab misses the hobgoblin. The hobgoblin misses you.
You tentacle-slap the hobgoblin but do no damage.
Your grab misses the hobgoblin. The hobgoblin closely misses you.
You tentacle-slap the hobgoblin but do no damage.
You grab the hobgoblin.
You constrict the hobgoblin, but do no damage.
The hobgoblin hits you.
You tentacle-slap the hobgoblin but do no damage.
You constrict the hobgoblin, but do no damage.
The hobgoblin closely misses you.
You tentacle-slap the hobgoblin but do no damage.
You squeeze the hobgoblin, but do no damage.
You constrict the hobgoblin. The hobgoblin hits you.
* * * LOW HITPOINT WARNING * * *
You are too injured to fight recklessly!
Casting: Sting (safe; 8% risk of failure)
Confirm with . or Enter, or press ? or * to list all spells.
Aiming: Sting (safe; 8% risk of failure)
Press: ? - help, Shift-Dir - straight line, f - hobgoblin
Aim: a hobgoblin (lightly wounded, constricted by you, 0% to evade)
The sting hits the hobgoblin but does no damage.
The hobgoblin is poisoned.
The hobgoblin is lightly wounded.
You constrict the hobgoblin, but do no damage.
The hobgoblin hits you.
You die...

##.##..##..†....####.
#................(.#
########.......###.
#.......# ######.##
#..# ##.# #.## #.@#
##.g.# ###.# ... ##.
#


You could see a hobgoblin (poisoned).

Vanquished Creatures
  A bat (D:1)
  A ball python (D:1)
2 creatures vanquished.

Notes
Turn   | Place    | Note
-------+----------+-------------------------------------------
     0 | D:1      | HELP the Octopode Venom Mage began the quest for the Orb.
     0 | D:1      | Reached XP level 1. HP: 11/11 MP: 3/3
   114 | D:1      | Slain by a hobgoblin

Illustrated notes

Levels and vault maps discovered:
D:1:      lemuel_arrival_broad_hall, layout_rooms, basic_ecumenical_altar

Action                   || total
-------------------------++-------
Melee: Unarmed           ||     8
       Constrict         ||     3
       Tentacles         ||     2
 Cast: Sting             ||     2
Dodge: Dodged            ||     7

Table legend: (Time is in decaauts)
 A = Elapsed time spent in this place.
 B = Non-inter-level travel time spent in this place.
 C = Inter-level travel time spent in this place.
 D = Time resting spent in this place.
 E = Time spent auto-exploring this place.
 F = Levels seen in this place.
 G = Mean time per level.
                   A        B        C        D        E       F      G
               +--------+--------+--------+--------+--------+-----+--------+
         Total |    114 |    114 |      0 |      0 |     97 |   1 |  114.0 |
       Dungeon |    114 |    114 |      0 |      0 |     97 |   1 |  114.0 |
               +--------+--------+--------+--------+--------+-----+--------+

Top non-repeatable levels by time:
     D:1: 114 daAuts
